[ PARTIDA AOE2 · #481592656 ]
Team RMVietnamitas vs Khmer
[ ANÁLISIS DE REPETICIÓN · EXTRAÍDO DE LA PARTIDA GRABADA ]
Feudal
10:27
Castillos
18:39
Imperial
36:05
| APM promedio | 19.1 |
| APM pico | 50 |
| eAPM promedio | 15.9 |
| Aldeanos / militares | 136 / 178 |
Foco
⚔️ 40.8% · 🌾 59.2%
Skirmisher ×77 · Battle Elephant ×73 · Trebuchet (Packed) ×14 · Mangonel ×13 · Monk ×1
Feudal
11:31
Castillos
18:55
Imperial
41:56
| APM promedio | 12.6 |
| APM pico | 50 |
| eAPM promedio | 11.1 |
| Aldeanos / militares | 88 / 141 |
Foco
⚔️ 37.1% · 🌾 62.9%
Spearman ×74 · Huskarl ×51 · Militia ×14 · Trade Cart ×7 · Monk ×1 · Battering Ram ×1
Feudal
12:04
Castillos
20:32
Imperial
28:53
| APM promedio | 12.4 |
| APM pico | 41 |
| eAPM promedio | 9.9 |
| Aldeanos / militares | 82 / 135 |
Foco
⚔️ 39.4% · 🌾 60.6%
Ballista Elephant ×38 · Spearman ×28 · Hand Cannoneer ×18 · Mangonel ×17 · Trade Cart ×16 · Battle Elephant ×16
Feudal
11:15
Castillos
20:15
Imperial
36:35
| APM promedio | 18.8 |
| APM pico | 48 |
| eAPM promedio | 11.9 |
| Aldeanos / militares | 139 / 93 |
Foco
⚔️ 31.2% · 🌾 68.8%
Fire Lancer ×71 · Iron Pagoda ×8 · Unknown (1911) ×8 · Bombard Cannon ×5 · Spearman ×4 · Monk ×3
Mapa de la partida
Recursos al inicio + cada clic de construcción. Línea gruesa = muro · recuadro discontinuo = muro de casas detectado. 🟡 oro · ⚪ piedra · 🟢 bayas · 🔶 jabalí · ⭕ reliquia
Inputs por minuto
— 429245220 - - QuintusMagnus
Build order — 429245220
Primeras 150 de 474 acciones detectadas
| 0:06 | Construir | House |
| 0:13 | Crear | Villager (Male) |
| 0:13 | Crear | Villager (Male) |
| 0:13 | Crear | Villager (Male) |
| 0:13 | Crear | Villager (Male) |
| 0:14 | Crear | Villager (Male) |
| 0:42 | Construir | House |
| 0:48 | Construir | House |
| 1:09 | Construir | House |
| 1:16 | Investigar | Loom |
| 1:44 | Crear | Villager (Male) |
| 1:44 | Crear | Villager (Male) |
| 1:52 | Construir | House |
| 2:02 | Construir | House |
| 2:13 | Crear | Villager (Male) |
| 2:13 | Crear | Villager (Male) |
| 3:00 | Crear | Villager (Male) |
| 3:00 | Crear | Villager (Male) |
| 3:55 | Crear | Villager (Male) |
| 3:56 | Crear | Villager (Male) |
| 3:56 | Crear | Villager (Male) |
| 3:56 | Crear | Villager (Male) |
| 4:15 | Construir | Lumber Camp |
| 4:28 | Crear | Villager (Male) |
| 4:28 | Crear | Villager (Male) |
| 4:28 | Crear | Villager (Male) |
| 5:06 | Crear | Villager (Male) |
| 5:06 | Crear | Villager (Male) |
| 5:35 | Construir | Mill |
| 5:43 | Crear | Villager (Male) |
| 5:43 | Crear | Villager (Male) |
| 5:43 | Crear | Villager (Male) |
| 6:38 | Crear | Villager (Male) |
| 7:32 | Crear | Villager (Male) |
| 8:05 | Crear | Villager (Male) |
| 8:17 | Investigar | Feudal Age |
| 8:27 | Crear | Villager (Male) |
| 8:27 | Crear | Villager (Male) |
| 8:28 | Crear | Villager (Male) |
| 8:36 | Construir | House |
| 9:28 | Construir | Mining Camp |
| 10:04 | Construir | House |
| 10:05 | Construir | House |
| 10:08 | Construir | House |
| 10:22 | Crear | Villager (Male) |
| 10:22 | Crear | Villager (Male) |
| 10:23 | Crear | Villager (Male) |
| 10:23 | Crear | Villager (Male) |
| 10:27 | Edad | Edad Feudal |
| 11:01 | Construir | House |
| 11:49 | Construir | Barracks |
| 11:59 | Crear | Villager (Male) |
| 11:59 | Crear | Villager (Male) |
| 12:23 | Construir | Farm |
| 12:41 | Construir | Farm |
| 13:16 | Crear | Villager (Male) |
| 13:16 | Crear | Villager (Male) |
| 13:17 | Crear | Villager (Male) |
| 13:26 | Construir | Archery Range |
| 13:38 | Construir | House |
| 13:59 | Construir | Farm |
| 14:38 | Construir | Blacksmith |
| 14:47 | Construir | House |
| 15:02 | Construir | Blacksmith |
| 15:16 | Crear | Villager (Male) |
| 15:35 | Construir | Farm |
| 15:36 | Construir | Farm |
| 15:38 | Construir | Farm |
| 15:49 | Construir | Farm |
| 15:51 | Construir | Farm |
| 15:59 | Investigar | Castle Age |
| 16:23 | Construir | Farm |
| 16:24 | Construir | Farm |
| 16:26 | Construir | Farm |
| 16:30 | Construir | Farm |
| 16:33 | Construir | Farm |
| 16:51 | Investigar | Double-Bit Axe |
| 16:55 | Investigar | Horse Collar |
| 17:21 | Construir | Mining Camp |
| 17:33 | Crear | Villager (Male) |
| 17:33 | Crear | Villager (Male) |
| 17:34 | Crear | Villager (Male) |
| 17:35 | Crear | Villager (Male) |
| 18:15 | Crear | Villager (Male) |
| 18:32 | Crear | Villager (Male) |
| 18:39 | Edad | Edad de los Castillos |
| 18:44 | Construir | Monastery |
| 18:57 | Construir | Town Center |
| 19:34 | Construir | Stable |
| 19:40 | Construir | House |
| 19:50 | Construir | Stable |
| 20:03 | Crear | Villager (Male) |
| 20:03 | Crear | Villager (Male) |
| 20:03 | Crear | Villager (Male) |
| 20:43 | Construir | Town Center |
| 20:47 | Crear | Villager (Male) |
| 20:48 | Crear | Villager (Male) |
| 20:48 | Crear | Villager (Male) |
| 20:48 | Crear | Villager (Male) |
| 20:48 | Crear | Villager (Male) |
| 20:49 | Crear | Villager (Male) |
| 21:34 | Construir | House |
| 21:35 | Construir | House |
| 21:37 | Construir | House |
| 21:40 | Crear | Monk |
| 21:52 | Crear | Villager (Male) |
| 21:52 | Crear | Villager (Male) |
| 21:52 | Crear | Villager (Male) |
| 22:41 | Construir | Farm |
| 22:43 | Construir | Farm |
| 22:44 | Construir | Farm |
| 22:48 | Construir | Farm |
| 22:49 | Construir | Farm |
| 23:10 | Investigar | Stone Mining |
| 23:25 | Construir | Siege Workshop |
| 23:38 | Construir | House |
| 23:40 | Construir | House |
| 23:41 | Construir | House |
| 24:09 | Investigar | Gold Mining |
| 24:14 | Crear | Villager (Male) |
| 24:14 | Crear | Villager (Male) |
| 24:15 | Crear | Villager (Male) |
| 24:15 | Crear | Villager (Male) |
| 24:15 | Crear | Villager (Male) |
| 24:15 | Crear | Villager (Male) |
| 24:16 | Crear | Villager (Male) |
| 24:16 | Crear | Villager (Male) |
| 24:16 | Crear | Villager (Male) |
| 24:26 | Construir | University |
| 24:31 | Construir | House |
| 24:33 | Construir | House |
| 24:34 | Construir | House |
| 24:53 | Crear | Villager (Male) |
| 24:53 | Crear | Villager (Male) |
| 24:53 | Crear | Villager (Male) |
| 24:54 | Crear | Villager (Male) |
| 24:54 | Crear | Villager (Male) |
| 24:54 | Crear | Villager (Male) |
| 24:55 | Crear | Villager (Male) |
| 24:55 | Crear | Villager (Male) |
| 24:55 | Crear | Villager (Male) |
| 24:56 | Crear | Villager (Male) |
| 24:56 | Crear | Villager (Male) |
| 24:56 | Crear | Villager (Male) |
| 24:56 | Crear | Villager (Male) |
| 24:57 | Crear | Villager (Male) |
| 25:16 | Construir | Farm |
| 26:05 | Construir | Castle |
| 26:30 | Crear | Villager (Male) |
| 26:30 | Crear | Villager (Male) |
Build order — QuintusMagnus
Primeras 150 de 341 acciones detectadas
| 0:02 | Investigar | Loom |
| 0:03 | Crear | Villager (Male) |
| 0:03 | Crear | Villager (Male) |
| 0:03 | Crear | Villager (Male) |
| 0:04 | Crear | Villager (Male) |
| 0:06 | Construir | House |
| 0:09 | Construir | House |
| 1:54 | Crear | Villager (Male) |
| 1:54 | Crear | Villager (Male) |
| 1:54 | Crear | Villager (Male) |
| 2:26 | Construir | Lumber Camp |
| 2:36 | Crear | Villager (Male) |
| 3:32 | Crear | Villager (Male) |
| 3:32 | Crear | Villager (Male) |
| 3:32 | Crear | Villager (Male) |
| 4:21 | Crear | Villager (Male) |
| 4:31 | Construir | House |
| 4:36 | Construir | Mill |
| 4:47 | Crear | Villager (Male) |
| 5:18 | Crear | Villager (Male) |
| 5:49 | Crear | Villager (Male) |
| 5:49 | Crear | Villager (Male) |
| 6:41 | Crear | Villager (Male) |
| 7:25 | Crear | Villager (Male) |
| 7:30 | Construir | House |
| 7:31 | Construir | House |
| 8:01 | Crear | Villager (Male) |
| 8:56 | Crear | Villager (Male) |
| 9:03 | Investigar | Feudal Age |
| 10:28 | Construir | Mining Camp |
| 11:21 | Crear | Villager (Male) |
| 11:21 | Crear | Villager (Male) |
| 11:31 | Edad | Edad Feudal |
| 11:45 | Construir | Blacksmith |
| 12:04 | Construir | Market |
| 12:11 | Crear | Villager (Male) |
| 12:22 | Investigar | Horse Collar |
| 12:36 | Construir | House |
| 12:55 | Crear | Villager (Male) |
| 13:41 | Construir | Mill |
| 13:52 | Crear | Villager (Male) |
| 14:03 | Construir | Farm |
| 14:08 | Construir | Farm |
| 14:16 | Construir | Farm |
| 14:21 | Construir | Farm |
| 14:43 | Crear | Villager (Male) |
| 14:57 | Construir | Mining Camp |
| 15:30 | Crear | Villager (Male) |
| 16:06 | Construir | Barracks |
| 16:15 | Investigar | Castle Age |
| 18:55 | Edad | Edad de los Castillos |
| 20:15 | Crear | Villager (Male) |
| 20:16 | Crear | Villager (Male) |
| 20:24 | Construir | Town Center |
| 20:27 | Construir | Barracks |
| 20:32 | Investigar | Forging |
| 20:42 | Crear | Villager (Male) |
| 20:43 | Crear | Villager (Male) |
| 20:51 | Construir | Mining Camp |
| 21:15 | Crear | Villager (Male) |
| 21:24 | Investigar | Squires |
| 21:34 | Construir | Mining Camp |
| 21:44 | Construir | Barracks |
| 21:47 | Crear | Villager (Male) |
| 21:47 | Crear | Villager (Male) |
| 21:48 | Crear | Villager (Male) |
| 21:55 | Crear | Villager (Male) |
| 22:12 | Investigar | Scale Mail Armor |
| 22:22 | Crear | Villager (Male) |
| 22:25 | Construir | Mining Camp |
| 22:36 | Construir | Farm |
| 22:38 | Crear | Villager (Male) |
| 22:49 | Construir | Monastery |
| 22:52 | Crear | Villager (Male) |
| 23:00 | Crear | Spearman |
| 23:00 | Crear | Spearman |
| 23:14 | Construir | Farm |
| 23:18 | Construir | Farm |
| 23:20 | Crear | Villager (Male) |
| 23:31 | Investigar | Man-at-Arms (upgrade) |
| 23:36 | Construir | House |
| 23:37 | Construir | House |
| 23:50 | Investigar | Town Watch |
| 24:01 | Construir | Outpost |
| 24:07 | Construir | University |
| 24:13 | Crear | Villager (Male) |
| 24:33 | Crear | Villager (Male) |
| 24:42 | Crear | Villager (Male) |
| 24:50 | Construir | Farm |
| 24:53 | Crear | Villager (Male) |
| 25:00 | Crear | Spearman |
| 25:08 | Crear | Villager (Male) |
| 25:28 | Construir | Outpost |
| 25:35 | Construir | Farm |
| 25:39 | Construir | Farm |
| 25:40 | Crear | Villager (Male) |
| 25:53 | Crear | Villager (Male) |
| 25:58 | Construir | Farm |
| 26:08 | Crear | Villager (Male) |
| 26:12 | Construir | Farm |
| 26:19 | Construir | House |
| 26:21 | Construir | House |
| 26:22 | Construir | House |
| 26:23 | Construir | House |
| 26:27 | Crear | Militia |
| 26:42 | Construir | Mining Camp |
| 26:50 | Construir | Farm |
| 26:51 | Crear | Villager (Male) |
| 26:52 | Crear | Villager (Male) |
| 27:07 | Construir | Farm |
| 27:12 | Investigar | Wheelbarrow |
| 27:27 | Crear | Militia |
| 27:35 | Crear | Villager (Male) |
| 27:43 | Crear | Trade Cart |
| 27:56 | Construir | Lumber Camp |
| 28:01 | Crear | Villager (Male) |
| 28:02 | Crear | Villager (Male) |
| 28:18 | Construir | Farm |
| 28:24 | Crear | Villager (Male) |
| 28:48 | Crear | Villager (Male) |
| 28:59 | Investigar | Long Swordsman (upgrade) |
| 29:08 | Construir | Barracks |
| 29:25 | Investigar | Stone Mining |
| 29:27 | Crear | Villager (Male) |
| 29:40 | Crear | Militia |
| 29:41 | Crear | Militia |
| 29:42 | Crear | Militia |
| 29:51 | Construir | Farm |
| 29:53 | Crear | Villager (Male) |
| 29:55 | Crear | Villager (Male) |
| 29:58 | Construir | Castle |
| 30:10 | Crear | Militia |
| 30:14 | Crear | Monk |
| 30:28 | Investigar | Fletching |
| 30:34 | Investigar | Double-Bit Axe |
| 30:36 | Crear | Villager (Male) |
| 30:50 | Construir | Farm |
| 30:53 | Construir | Farm |
| 30:57 | Crear | Villager (Male) |
| 31:08 | Crear | Militia |
| 31:11 | Construir | Farm |
| 31:13 | Crear | Villager (Male) |
| 31:38 | Investigar | Ballistics |
| 31:50 | Construir | Farm |
| 31:55 | Construir | House |
| 31:56 | Construir | House |
| 31:57 | Construir | House |
| 31:59 | Construir | House |
| 32:42 | Construir | Farm |
| 32:48 | Investigar | Caravan |
Build order — lanciotto
Primeras 150 de 352 acciones detectadas
| 0:04 | Crear | Villager (Male) |
| 0:04 | Crear | Villager (Male) |
| 0:04 | Crear | Villager (Male) |
| 0:04 | Crear | Villager (Male) |
| 0:05 | Crear | Villager (Male) |
| 0:05 | Crear | Villager (Male) |
| 0:15 | Construir | House |
| 0:16 | Construir | House |
| 0:18 | Construir | House |
| 0:58 | Construir | Mill |
| 1:59 | Crear | Villager (Male) |
| 2:30 | Crear | Villager (Male) |
| 2:50 | Crear | Villager (Male) |
| 3:19 | Crear | Villager (Male) |
| 3:45 | Crear | Villager (Male) |
| 3:45 | Crear | Villager (Male) |
| 4:23 | Crear | Villager (Male) |
| 4:35 | Crear | Villager (Male) |
| 4:58 | Construir | Lumber Camp |
| 5:08 | Crear | Villager (Male) |
| 5:37 | Crear | Villager (Male) |
| 5:50 | Crear | Villager (Male) |
| 6:03 | Construir | House |
| 6:05 | Construir | House |
| 6:11 | Crear | Villager (Male) |
| 6:31 | Crear | Villager (Male) |
| 7:01 | Construir | House |
| 7:03 | Construir | House |
| 7:10 | Crear | Villager (Male) |
| 7:35 | Crear | Villager (Male) |
| 7:56 | Construir | Mining Camp |
| 8:08 | Crear | Villager (Male) |
| 8:18 | Crear | Villager (Male) |
| 8:38 | Construir | Mining Camp |
| 9:11 | Crear | Villager (Male) |
| 9:12 | Crear | Villager (Male) |
| 9:44 | Construir | Farm |
| 9:54 | Investigar | Feudal Age |
| 10:14 | Construir | Farm |
| 10:17 | Construir | Farm |
| 10:19 | Construir | Farm |
| 10:24 | Construir | Farm |
| 10:29 | Crear | Villager (Male) |
| 10:30 | Crear | Villager (Male) |
| 10:30 | Crear | Villager (Male) |
| 10:55 | Construir | House |
| 10:57 | Construir | House |
| 10:58 | Construir | House |
| 11:05 | Crear | Villager (Male) |
| 11:06 | Crear | Villager (Male) |
| 12:04 | Edad | Edad Feudal |
| 12:07 | Investigar | Double-Bit Axe |
| 12:10 | Investigar | Horse Collar |
| 12:30 | Crear | Villager (Male) |
| 12:40 | Construir | Building 490 |
| 12:48 | Construir | House |
| 13:01 | Construir | Building 487 |
| 13:04 | Construir | House |
| 13:05 | Construir | House |
| 13:08 | Construir | House |
| 13:19 | Investigar | Stone Mining |
| 13:27 | Investigar | Gold Mining |
| 13:51 | Construir | Farm |
| 14:19 | Construir | Farm |
| 14:25 | Investigar | Wheelbarrow |
| 14:40 | Construir | House |
| 14:41 | Construir | House |
| 14:43 | Construir | House |
| 14:50 | Crear | Villager (Male) |
| 14:51 | Crear | Villager (Male) |
| 16:04 | Construir | Farm |
| 16:20 | Construir | House |
| 16:22 | Construir | House |
| 16:25 | Construir | House |
| 16:27 | Construir | House |
| 16:43 | Construir | Building 487 |
| 16:50 | Construir | Farm |
| 16:52 | Construir | Farm |
| 16:55 | Construir | Farm |
| 16:59 | Construir | Farm |
| 17:00 | Construir | Farm |
| 17:03 | Construir | Farm |
| 17:05 | Construir | Farm |
| 17:12 | Crear | Villager (Male) |
| 17:13 | Crear | Villager (Male) |
| 17:44 | Construir | Farm |
| 17:50 | Investigar | Castle Age |
| 18:09 | Construir | Lumber Camp |
| 18:23 | Construir | House |
| 18:25 | Construir | House |
| 18:27 | Construir | House |
| 18:34 | Crear | Villager (Male) |
| 18:35 | Crear | Villager (Male) |
| 18:35 | Crear | Villager (Male) |
| 18:58 | Construir | House |
| 19:00 | Construir | House |
| 20:07 | Construir | Barracks |
| 20:20 | Construir | Market |
| 20:32 | Edad | Edad de los Castillos |
| 20:41 | Construir | Town Center |
| 21:16 | Construir | Farm |
| 21:36 | Construir | Farm |
| 21:43 | Crear | Villager (Male) |
| 21:44 | Crear | Villager (Male) |
| 21:44 | Crear | Villager (Male) |
| 22:14 | Investigar | Stone Shaft Mining |
| 22:20 | Investigar | Bow Saw |
| 22:22 | Crear | Villager (Male) |
| 22:22 | Crear | Villager (Male) |
| 22:23 | Crear | Villager (Male) |
| 22:23 | Crear | Villager (Male) |
| 22:23 | Crear | Villager (Male) |
| 22:23 | Crear | Villager (Male) |
| 22:24 | Crear | Villager (Male) |
| 22:24 | Crear | Villager (Male) |
| 22:31 | Investigar | Heavy Plow |
| 22:46 | Crear | Villager (Male) |
| 22:47 | Crear | Villager (Male) |
| 22:47 | Crear | Villager (Male) |
| 23:14 | Construir | Monastery |
| 23:35 | Construir | Lumber Camp |
| 23:59 | Crear | Villager (Male) |
| 23:59 | Crear | Villager (Male) |
| 23:59 | Crear | Villager (Male) |
| 24:21 | Construir | Castle |
| 24:32 | Construir | University |
| 24:36 | Crear | Monk |
| 24:58 | Investigar | Hand Cart |
| 25:43 | Investigar | Imperial Age |
| 25:47 | Crear | Villager (Male) |
| 25:47 | Crear | Villager (Male) |
| 26:03 | Investigar | Ballistics |
| 26:23 | Crear | Villager (Male) |
| 26:24 | Crear | Villager (Male) |
| 26:24 | Crear | Villager (Male) |
| 26:35 | Crear | Villager (Male) |
| 26:35 | Crear | Villager (Male) |
| 26:35 | Crear | Villager (Male) |
| 26:47 | Construir | Stable |
| 27:04 | Construir | Siege Workshop |
| 27:11 | Construir | Archery Range |
| 27:15 | Investigar | Pikeman (upgrade) |
| 27:19 | Crear | Ballista Elephant |
| 27:19 | Crear | Ballista Elephant |
| 27:20 | Crear | Ballista Elephant |
| 27:33 | Crear | Villager (Male) |
| 27:33 | Crear | Villager (Male) |
| 27:34 | Crear | Villager (Male) |
| 27:47 | Construir | House |
| 27:48 | Construir | House |
Build order — guozitao1022
Primeras 150 de 325 acciones detectadas
| 0:04 | Crear | Villager (Male) ×4 |
| 0:04 | Crear | Villager (Male) ×4 |
| 0:07 | Construir | House |
| 0:36 | Construir | House |
| 0:37 | Construir | House |
| 0:39 | Construir | House |
| 1:46 | Crear | Villager (Male) |
| 1:47 | Crear | Villager (Male) |
| 1:47 | Crear | Villager (Male) |
| 1:49 | Investigar | Loom |
| 1:49 | Investigar | Loom |
| 1:57 | Construir | Mill |
| 2:21 | Crear | Villager (Male) |
| 2:21 | Crear | Villager (Male) |
| 2:57 | Crear | Villager (Male) |
| 2:58 | Crear | Villager (Male) |
| 3:40 | Crear | Villager (Male) ×2 |
| 3:40 | Crear | Villager (Male) ×2 |
| 4:08 | Crear | Villager (Male) |
| 4:08 | Crear | Villager (Male) |
| 4:09 | Crear | Villager (Male) |
| 4:30 | Crear | Villager (Male) |
| 4:30 | Crear | Villager (Male) |
| 4:59 | Crear | Villager (Male) |
| 4:59 | Crear | Villager (Male) |
| 5:38 | Crear | Villager (Male) |
| 5:55 | Crear | Villager (Male) |
| 6:17 | Crear | Villager (Male) |
| 6:45 | Crear | Villager (Male) |
| 6:54 | Crear | Villager (Male) |
| 7:22 | Construir | Lumber Camp |
| 7:59 | Crear | Villager (Male) |
| 8:47 | Investigar | Feudal Age |
| 8:57 | Construir | House |
| 11:07 | Construir | Mill |
| 11:15 | Edad | Edad Feudal |
| 11:18 | Construir | Mining Camp |
| 11:20 | Crear | Villager (Male) |
| 11:20 | Crear | Villager (Male) |
| 11:20 | Crear | Villager (Male) |
| 12:36 | Crear | Villager (Male) |
| 12:39 | Investigar | Double-Bit Axe |
| 13:05 | Construir | Barracks |
| 13:43 | Construir | House |
| 13:47 | Crear | Villager (Male) |
| 13:56 | Construir | Mining Camp |
| 14:36 | Construir | Archery Range |
| 15:10 | Crear | Spearman |
| 15:10 | Crear | Spearman |
| 15:10 | Crear | Spearman |
| 15:25 | Crear | Villager (Male) |
| 15:35 | Construir | Stable |
| 15:41 | Crear | Archer |
| 15:44 | Crear | Archer |
| 15:46 | Crear | Spearman |
| 16:07 | Crear | Villager (Male) |
| 16:12 | Construir | House |
| 16:59 | Construir | Blacksmith |
| 17:35 | Investigar | Castle Age |
| 17:37 | Investigar | Horse Collar |
| 18:14 | Construir | House |
| 18:58 | Construir | Farm |
| 19:43 | Crear | Villager (Male) |
| 19:45 | Crear | Villager (Male) |
| 20:03 | Construir | Farm |
| 20:04 | Construir | Farm |
| 20:05 | Construir | Farm |
| 20:07 | Construir | Farm |
| 20:08 | Construir | Farm |
| 20:09 | Construir | Farm |
| 20:11 | Construir | Farm |
| 20:13 | Construir | Farm |
| 20:15 | Edad | Edad de los Castillos |
| 20:17 | Crear | Villager (Male) |
| 20:17 | Crear | Villager (Male) |
| 21:02 | Crear | Villager (Male) |
| 21:09 | Construir | Town Center |
| 21:14 | Crear | Villager (Male) |
| 21:28 | Investigar | Squires |
| 21:49 | Crear | Villager (Male) |
| 22:13 | Construir | House |
| 22:20 | Construir | Farm |
| 22:52 | Construir | Town Center |
| 22:58 | Crear | Villager (Male) |
| 22:58 | Crear | Villager (Male) |
| 22:58 | Crear | Villager (Male) |
| 23:09 | Construir | Farm |
| 23:23 | Crear | Villager (Male) |
| 23:46 | Construir | Monastery |
| 23:52 | Crear | Villager (Male) |
| 23:52 | Crear | Villager (Male) |
| 23:52 | Crear | Villager (Male) |
| 24:13 | Crear | Fire Lancer |
| 24:13 | Crear | Fire Lancer |
| 24:17 | Crear | Fire Lancer |
| 24:31 | Crear | Villager (Male) |
| 24:31 | Crear | Villager (Male) |
| 24:55 | Crear | Villager (Male) |
| 24:55 | Crear | Villager (Male) |
| 25:01 | Investigar | Bow Saw |
| 25:08 | Crear | Monk |
| 25:48 | Construir | University |
| 25:53 | Investigar | Gold Mining |
| 25:55 | Investigar | Stone Mining |
| 25:55 | Investigar | Stone Mining |
| 26:19 | Investigar | Forging |
| 26:34 | Crear | Monk |
| 26:54 | Construir | House |
| 26:59 | Investigar | Wheelbarrow |
| 27:01 | Crear | Villager (Male) |
| 27:36 | Construir | Town Center |
| 27:39 | Crear | Fire Lancer |
| 27:39 | Crear | Fire Lancer |
| 27:39 | Crear | Fire Lancer |
| 27:40 | Crear | Fire Lancer |
| 27:58 | Construir | Siege Workshop |
| 28:12 | Investigar | Treadmill Crane |
| 28:14 | Investigar | Murder Holes |
| 28:19 | Construir | House |
| 28:20 | Construir | House |
| 28:20 | Construir | House |
| 28:20 | Construir | House |
| 28:20 | Construir | House |
| 28:25 | Construir | Farm |
| 28:27 | Construir | Farm |
| 28:32 | Crear | Villager (Male) |
| 28:32 | Crear | Villager (Male) |
| 28:32 | Crear | Villager (Male) |
| 28:32 | Crear | Villager (Male) |
| 28:35 | Crear | Villager (Male) |
| 28:45 | Construir | Farm |
| 29:01 | Construir | Farm |
| 29:05 | Construir | Farm |
| 29:28 | Crear | Iron Pagoda |
| 29:54 | Crear | Villager (Male) |
| 29:54 | Crear | Villager (Male) |
| 29:54 | Crear | Villager (Male) |
| 30:01 | Construir | Farm |
| 30:02 | Construir | Farm |
| 30:04 | Construir | Farm |
| 30:11 | Crear | Villager (Male) |
| 30:11 | Crear | Villager (Male) |
| 30:16 | Investigar | Heavy Plow |
| 30:20 | Crear | Villager (Male) |
| 30:20 | Crear | Villager (Male) |
| 30:21 | Crear | Villager (Male) |
| 30:28 | Construir | Castle |
| 31:15 | Investigar | Ballistics |
| 31:24 | Crear | Iron Pagoda |
| 31:30 | Construir | House |
Cronología de la partida
| 10:27 | 429245220 · age_up feudal |
| 11:15 | guozitao1022 · age_up feudal |
| 11:31 | QuintusMagnus · age_up feudal |
| 11:49 | 429245220 · first_building Barracks |
| 12:04 | lanciotto · age_up feudal |
| 13:05 | guozitao1022 · first_building Barracks |
| 13:26 | 429245220 · first_building Archery Range |
| 14:36 | guozitao1022 · first_building Archery Range |
| 15:35 | guozitao1022 · first_building Stable |
| 16:06 | QuintusMagnus · first_building Barracks |
| 18:39 | 429245220 · age_up castle |
| 18:44 | 429245220 · first_building Monastery |
| 18:55 | QuintusMagnus · age_up castle |
| 19:34 | 429245220 · first_building Stable |
| 20:07 | lanciotto · first_building Barracks |
| 20:15 | guozitao1022 · age_up castle |
| 20:32 | lanciotto · age_up castle |
| 22:49 | QuintusMagnus · first_building Monastery |
| 23:14 | lanciotto · first_building Monastery |
| 23:25 | 429245220 · first_building Siege Workshop |
| 23:46 | guozitao1022 · first_building Monastery |
| 24:21 | lanciotto · first_building Castle |
| 25:19 | lanciotto · first_market_sell 100 food |
| 26:05 | 429245220 · first_building Castle |
| 26:47 | lanciotto · first_building Stable |
| 27:04 | lanciotto · first_building Siege Workshop |
| 27:11 | lanciotto · first_building Archery Range |
| 27:58 | guozitao1022 · first_building Siege Workshop |
| 28:53 | lanciotto · age_up imperial |
| 29:43 | lanciotto · first_market_buy 100 wood |
| 29:58 | QuintusMagnus · first_building Castle |
| 30:28 | guozitao1022 · first_building Castle |
| 33:42 | QuintusMagnus · first_building Siege Workshop |
| 35:01 | QuintusMagnus · first_building Archery Range |
| 36:05 | 429245220 · age_up imperial |
| 36:35 | guozitao1022 · age_up imperial |
| 41:56 | QuintusMagnus · age_up imperial |
| 44:56 | guozitao1022 · wall_segment Stone Wall x1 |
| 48:20 | guozitao1022 · wall_segment Stone Wall x1 |
| 49:03 | guozitao1022 · wall_segment Stone Wall x1 |
| 49:14 | guozitao1022 · wall_segment Stone Wall x1 |
| 52:07 | QuintusMagnus · resign |
[ ANÁLISIS IA · 1 CRÉDITO ]
¿Qué pasó realmente en esta partida?
Wolo.gg analiza cada decisión: build order, eco, micro, errores típicos por bracket. Análisis personalizado por WhatsApp o Discord en 30 segundos.
Guía civ
Vietnamitas
Guía mapa
Arena
Perfil
429245220